 Dungeon Crawl Stone Soup version 0.30-a0-374-g95c0257040 (webtiles) character file.

Game seed: 16056125562773515501

58 KennySheep the Ducker (level 3, -1/22 HPs)
             Began as a Deep Elf Berserker on Nov 27, 2022.
             Was a Follower of Trog.
             Slain by a quokka (2 damage)
             ... on level 3 of the Dungeon.
             The game lasted 00:03:11 (2103 turns).

KennySheep the Ducker (Deep Elf Berserker)          Turns: 2103, Time: 00:03:11

Health: -1/22      AC:  2    Str: 14    XL:     3   Next: 76%
Magic:  5/5        EV: 13    Int: 11    God:    Trog [*.....]
Gold:   132        SH:  0    Dex: 16    Spells: 2/2 levels left

rFire   . . .      SeeInvis .    a - +0 sling
rCold   . . .      Faith    .    (no shield)
rNeg    . . .      Spirit   .    q - +0 animal skin
rPois   .          Reflect  .    (no helmet)
rElec   .          Harm     .    (no cloak)
rCorr   .          Rampage  .    (no gloves)
Will    .....                    (no boots)
Stlth   ++........               (no amulet)
HPRegen 0.23/turn                (no ring)
MPRegen 0.09/turn                (no ring)

@: no status effects
A: no striking features
a: Renounce Religion, Berserk


You were on level 3 of the Dungeon.
You worshipped Trog.
Trog was aware of your devotion.
You visited 1 branch of the dungeon, and saw 3 of its levels.

You collected 132 gold pieces.

Inventory:

Hand Weapons
 a - a +0 sling (weapon)
 b - a +0 short sword
Armour
 q - a +0 animal skin (worn)
Jewellery
 f - a ring of fire
 j - a ring of positive energy
Scrolls
 c - 3 scrolls of immolation {unknown}
 d - a scroll of summoning {unknown}
 i - a scroll of poison {unknown}
 l - a scroll of torment {unknown}
 n - 3 scrolls of blinking {unknown}
 o - a scroll of amnesia {unknown}
 p - a scroll of identify {unknown}
Potions
 e - 3 potions of attraction {unknown}
 g - 2 potions of curing {unknown}
 h - a potion of mutation {unknown}
 k - 2 potions of heal wounds {unknown}
 m - 2 potions of haste {unknown}


   Skills:
 - Level 2.4 Fighting
 - Level 3.0 Short Blades
 * Level 3.1 Ranged Weapons
 - Level 1.5 Armour
 + Level 3.6 Dodging
 + Level 1.2 Stealth


You had 2 spell levels left.
You didn't know any spells.
Your spell library was empty.

Dungeon Overview and Level Annotations

Branches:
Dungeon (3/15)

Altars:


Message History

Trog accepts your kill. The quokka misses you. The quokka barely misses you.
You shoot a sling bullet.
The sling bullet barely misses the quokka.
The quokka bites you. x2
You shoot a sling bullet.
The sling bullet barely misses the quokka.
The quokka bites you but does no damage.
You shoot a sling bullet. The sling bullet hits the quokka.
The quokka is moderately wounded.
The quokka bites you.
The quokka bites you but does no damage.
You shoot a sling bullet.
The sling bullet hits the quokka but does no damage.
The quokka is moderately wounded.
The quokka twitches its whiskers.
The quokka barely misses you.
You shoot a sling bullet. The sling bullet hits the quokka.
The quokka is heavily wounded.
The quokka barely misses you.
The quokka twitches its whiskers.
The quokka closely misses you.
You shoot a sling bullet. The sling bullet hits the quokka.
The quokka is almost dead.
The quokka closely misses you.
You shoot a sling bullet.
The sling bullet hits the quokka but does no damage.
The quokka is almost dead.
The quokka bites you.
You shoot a sling bullet.
The sling bullet hits the quokka but does no damage.
The quokka is almost dead.
The quokka bites you.
* * * LOW HITPOINT WARNING * * *
The quokka barely misses you.
You shoot a sling bullet. The sling bullet misses the quokka.
The quokka bites you.
* * * LOW HITPOINT WARNING * * *
The quokka bites you.
You die...

#.######'#.#.# g# #..
#.##.......#.# .# ..
#.##.......#.# .#.
#.##.......#.##+##'##+##
#.##.......#.#.........#
#..........#.#.8..8..8.#
######..##.#.#..w......#
#8..'..#.#####'#####.#
##..####.@r..........#
#..# #############.#
#..# 8..# ##..# #..#
#..#


You could see a quokka.

Vanquished Creatures
  An adder (D:2)
  A dart slug (D:3)
  4 bats (D:1)
  5 endoplasms
  A giant cockroach (D:1)
  6 goblins
  3 hobgoblins
  8 jackals (D:1)
  5 ball pythons
  A frilled lizard (D:2)
  4 kobolds
  3 rats (D:1)
42 creatures vanquished.

Notes
Turn   | Place    | Note
-------+----------+-------------------------------------------
     0 | D:1      | KennySheep the Deep Elf Berserker began the quest for the
                  | Orb.
     0 | D:1      | Reached XP level 1. HP: 13/13 MP: 3/3
    48 | D:1      | Reached skill level 1 in Ranged Weapons
   164 | D:1      | Found a faded altar of an unknown god.
   173 | D:1      | Reached XP level 2. HP: 12/18 MP: 4/4
   771 | D:1      | Reached XP level 3. HP: 22/22 MP: 5/5
  1445 | D:2      | Reached skill level 1 in Stealth
  1599 | D:2      | Reached ** piety under Trog
  1992 | D:3      | Identified the +3 dagger of Bloodstone {vamp, rPois rC++
                  | Str+3 Dex-3}
  2103 | D:3      | HP: 1/22 [quokka (2)]
  2103 | D:3      | Slain by a quokka

Illustrated notes

Levels and vault maps discovered:
D:1:      scummos_arrival_simple_crosswalls, layout_loops_corners,
          ebering_ecumenical_altar_box, serial_aquarium, aquarium_bridge_square
          [aquarium_subvault_wall, aquarium_subvault_window,
          aquarium_subvault_bridge, aquarium_subvault_balcony],
          aquarium_window_fake, aquarium_window_3, aquarium_view_2c,
          aquarium_view_2a, serial_bayou_lake_a
D:2:      layout_basic
D:3:      minmay_chambers_of_threes, layout_basic, serial_corexii_hall,
          chequers_hall_statues_wall_a, chequers_hall_statues_y

Skill      XL: |  1  2  3 |
---------------+----------+-----
Ranged Weapons | 1 2 3 |  3.1
Dodging        | 3 |  3.6
Stealth        | 1 |  1.2
Fighting       | |  2.4
Short Blades   | |  3.0
Armour         | |  1.5

Action                   || total
-------------------------++-------
Melee: Short sword       ||   156
       Punch             ||     2
 Fire: Sling             ||    28
Invok: Berserk           ||     3
 Stab: Sleeping          ||     4
Armor: Animal skin       ||    40
Dodge: Dodged            ||   108

Table legend: (Time is in decaauts)
 A = Elapsed time spent in this place.
 B = Non-inter-level travel time spent in this place.
 C = Inter-level travel time spent in this place.
 D = Time resting spent in this place.
 E = Time spent auto-exploring this place.
 F = Levels seen in this place.
 G = Mean time per level.
                   A        B        C        D        E       F      G
               +--------+--------+--------+--------+--------+-----+--------+
         Total |   2145 |   2021 |    124 |     86 |   1580 |   3 |  715.0 |
       Dungeon |   2145 |   2021 |    124 |     86 |   1580 |   3 |  715.0 |
               +--------+--------+--------+--------+--------+-----+--------+

Top non-repeatable levels by time:
     D:1: 1101 daAuts
     D:2: 874 daAuts
     D:3: 168 daAuts
